Map: [ESL] Goldenaura

Players

Fjant

  • Race: Zerg Zerg
  • League: Grandmaster
  • Spawn Location: 5:00

VITRyung (Ryung) - Winner!

  • Race: Terran Terran
  • Spawn Location: 12:00

Event: HomeStory Cup XXV

VOD

Have the link to the VOD?

Description

Time

  • Played on: June 21, 2024, 7:36 a.m.
  • Length: 8:23

All games in this series

Show
View Real Time Build Order
Export as new Build Order

Fjant Zerg 

Build Orders: Hatch First, Zergling Baneling 

Get SALT Encoding   

  12  0:00  Drone  
  13  0:12  Overlord  
  13  0:17  Drone  
  14  0:30  Drone x2  
  16  0:47  Hatchery  
  15  0:51  Drone  
  15  0:54  Drone  
  17  0:57  Drone  
  18  1:08  Extractor  
  17  1:13  Spawning Pool  
  17  1:16  Drone  
  17  1:19  Drone  
  18  1:28  Drone  
  20  1:40  Drone  
  20  1:49  Drone  
  21  1:59  Queen x2  
  21  2:00  Zergling x4  
  27  2:11  Overlord  
  27  2:12  Drone  
  28  2:22  Hatchery  
  27  2:26  Spore Crawler  
  26  2:32  Spore Crawler  
  26  2:34  Zergling x2  
  26  2:38  Drone  
  26  2:40  Drone  
  30  2:45  Drone  
  30  2:46  Overlord  
  30  2:49  Metabolic Boost  
  30  3:02  Baneling Nest  
  29  3:07  Zergling x8  
  33  3:18  Zergling x10  
  36  3:24  Zergling x2  
  37  3:30  Zergling x4  
  39  3:37  Zergling x2  
  39  3:39  Zergling x8  
  44  3:47  Zergling x4  
  46  3:52  Zergling x6  
  46  3:55  Zergling x2  
  50  3:57  Overlord  
  50  4:00  Baneling x2  
  50  4:02  Baneling x2  
  50  4:03  Baneling  
  49  4:10  Zergling x2  
  49  4:13  Baneling  
  49  4:16  Zergling x6  
  51  4:18  Zergling x2  
  51  4:25  Zergling x2  
  51  4:26  Zergling x4  
  48  4:35  Zergling x8  
  44  4:44  Zergling x6  
  45  4:51  Baneling x4  
  44  4:56  Zergling x6  
  44  4:58  Baneling  
  45  5:04  Zergling x4  
  46  5:08  Zergling x4  
  46  5:13  Zergling x4  
  44  5:21  Drone  
  44  5:22  Drone  
  44  5:23  Drone x2  
  42  5:29  Drone x2  
  42  5:33  Drone  
  42  5:34  Drone  
  45  5:38  Drone  
  46  5:44  Extractor  
  46  5:48  Roach Warren  
  44  5:50  Drone  
  44  5:54  Drone x2  
  44  5:56  Drone  
  48  6:01  Overlord  
  48  6:08  Drone, Overlord  
  49  6:12  Overlord  
  49  6:19  Queen  
  49  6:25  Drone x6  
  56  6:33  Drone  
  56  6:37  Roach x4  
  56  6:39  Roach  
  64  6:42  Roach  
  64  6:44  Roach  
  64  6:46  Roach  
  69  6:48  Roach  
  69  6:52  Overlord  
  71  7:04  Zergling x4  
  71  7:08  Overlord  
  73  7:13  Zergling x14  
  80  7:15  Ravager  
  80  7:16  Ravager  
  80  7:20  Overlord  
  80  7:21  Overlord  
  82  7:27  Ravager x3  
  82  7:28  Zergling x10  
  90  7:41  Zergling x10  
  90  7:43  Ravager  
  96  7:46  Drone  
  95  7:56  Drone  
  96  7:59  Zergling x18  
  96  8:01  Baneling x5  
  103  8:06  Zergling x4  
Show
View Real Time Build Order
Export as new Build Order

VITRyung Terran - Winner!

Build Orders:  

Get SALT Encoding   

  12  0:00  SCV  
  13  0:12  SCV  
  14  0:17  Supply Depot  
  14  0:24  SCV  
  15  0:38  SCV  
  15  0:40  Barracks  
  16  0:44  Refinery  
  16  0:50  SCV  
  17  0:58  Barracks  
  17  1:03  SCV  
  18  1:15  SCV  
  19  1:26  Reaper  
  19  1:27  Orbital Command  
  20  1:32  Supply Depot  
  20  1:45  Reaper  
  21  1:52  SCV  
  22  2:03  Reaper  
  22  2:04  SCV  
  24  2:13  Command Center  
  24  2:17  SCV  
  24  2:20  Refinery  
  25  2:29  SCV  
  26  2:41  SCV  
  27  2:48  Factory  
  27  2:53  SCV  
  27  2:54  Barracks Reactor  
  28  3:05  Barracks Tech Lab, SCV  
  29  3:08  Command Center  
  29  3:17  SCV  
  30  3:25  Orbital Command  
  30  3:29  SCV  
  31  3:37  Hellion x2  
  35  3:41  SCV  
  35  3:43  Engineering Bay  
  35  3:47  Marine  
  35  3:48  Engineering Bay  
  37  3:50  SCV  
  37  3:53  SCV  
  37  3:55  Barracks Reactor  
  39  4:01  Hellion  
  41  4:03  Hellion  
  43  4:12  Supply Depot  
  41  4:17  Supply Depot  
  41  4:19  Bunker  
  43  4:31  Marine x2, Hellion  
  43  4:36  SCV x2  
  45  4:43  Marine  
  43  4:46  SCV  
  43  4:47  Terran Infantry Weapons Level 1, Terran Infantry Armor Level 1  
  44  4:53  Hellion  
  44  4:58  Marine x2  
  48  5:05  Marine  
  48  5:08  Orbital Command  
  48  5:27  Marine x2  
  44  5:37  Barracks  
  44  5:38  Barracks  
  44  5:40  SCV  
  45  5:46  Supply Depot  
  45  5:53  Hellion x2  
  45  5:57  Barracks Tech Lab, Supply Depot  
  49  6:02  Orbital Command  
  49  6:07  Barracks Reactor  
  49  6:09  SCV  
  49  6:10  SCV  
  51  6:12  Starport  
  51  6:15  Stimpack  
  51  6:25  SCV  
  52  6:31  Barracks Reactor, Factory Tech Lab  
  52  6:35  SCV x2  
  52  6:37  SCV  
  55  6:41  Marine x3  
  55  6:45  Armory  
  58  6:47  SCV x2  
  58  6:52  Supply Depot  
  58  6:53  Siege Tank  
  63  6:57  SCV, Refinery  
  63  6:59  SCV x2  
  63  7:01  Marine x3, Barracks Reactor  
  66  7:03  Medivac  
  66  7:04  Medivac  
  73  7:10  Marine  
  73  7:12  Supply Depot x2  
  73  7:15  Bunker  
  74  7:16  Bunker  
  74  7:22  Marine x4  
  78  7:25  SCV x2, Siege Tank  
  83  7:32  Supply Depot x2  
  83  7:35  Supply Depot, Orbital Command  
  83  7:36  Refinery  
  83  7:42  Marine x2  
  85  7:49  Marine x4  
  89  7:56  Marine  
  90  8:00  Marine x2  
Tags
 
Add a new tag
Caveats
  • Supply blocks, unpowered buildings, or Contaminate may cause inaccurate times.
  • Supply counts are checked every 10 seconds.